 Dungeon Crawl Stone Soup version 0.28.0-53-g5a82cb258f (webtiles) character file.

Game seed: 12664786469160142892

148 Peloso the Covered (level 5, -3/47 HPs)
             Began as a Minotaur Fighter on May 29, 2022.
             Slain by Robin
             ... wielding a +3 trident of flaming
              (9 damage)
             ... on level 2 of the Dungeon.
             The game lasted 00:02:01 (1749 turns).

Peloso the Covered (Minotaur Fighter)               Turns: 1749, Time: 00:02:01

Health: -3/47      AC:  7    Str: 20    XL:     5   Next: 8%
Magic:  4/4        EV:  9    Int:  5    God:
Gold:   62         SH:  5    Dex: 12    Spells: 4/4 levels left

rFire   . . .      SeeInvis .   a - +0 long sword
rCold   . . .      Faith    .   c - +0 buckler
rNeg    . . .      Spirit   .   b - +0 scale mail
rPois   .          Reflect  .   (helmet restricted)
rElec   .          Harm     .   (no cloak)
rCorr   .          Rampage  .   (no gloves)
Will    .....                   (no boots)
Stlth   ..........              (no amulet)
HPRegen 0.15/turn               (no ring)
MPRegen 0.09/turn               (no ring)

@: no status effects
A: horns 2, retaliatory headbutt
a: no special abilities


You were on level 2 of the Dungeon.
You visited 1 branch of the dungeon, and saw 2 of its levels.

You collected 62 gold pieces.

Inventory:

Hand Weapons
 a - a +0 long sword (weapon)
Armour
 b - a +0 scale mail (worn)
 c - a +0 buckler (worn)
Jewellery
 f - a ring of positive energy
Scrolls
 e - a scroll of identify {unknown}
Potions
 d - a potion of might


   Skills:
 + Level 4.3 Fighting
 + Level 3.8 Long Blades
 + Level 5.0 Armour
 + Level 0.4 Dodging
 + Level 4.6 Shields


You had 4 spell levels left.
You didn't know any spells.
Your spell library was empty.

Dungeon Overview and Level Annotations

Branches:
Dungeon (2/15)

Altars:

Shops:
D:2 [

Annotations:
D:2 Robin


Innate Abilities, Weirdness & Mutations

You have a pair of horns on your head.
You reflexively headbutt those who attack you in melee.


Message History

You kill the goblin!
Robin says, "A pitiful Minotaur like you will never find the ORB!"
Robin hits you but does no damage. The worm closely misses you.
Robin hits you but does no damage. Robin misses you.
You see here a +0 club.
Unknown command.
Robin roars a battlecry!
The hobgoblin goes into a battle-frenzy!
The hobgoblin no longer looks unusually strong.
Robin throws the goblin at you! The goblin closely misses you.
Robin roars a battlecry!
The hobgoblin goes into a battle-frenzy!
You barely miss the goblin. The goblin hits you but does no damage.
You barely miss the goblin. The goblin hits you but does no damage.
You block the goblin's attack. You block the worm's attack.
You hit the goblin.
You kill the goblin!
You barely miss the worm.
The worm is heavily wounded.
The worm bites you! You block Robin's attack.
You hit the worm. You headbutt the worm.
The worm is severely wounded.
Robin hits you from afar with a +3 trident of flaming!
Robin burns you. The worm bites you.
* * * LOW HITPOINT WARNING * * *
You hit the worm. You headbutt the worm.
The worm is almost dead.
Robin hits you from afar with a +3 trident of flaming.
* * * LOW HITPOINT WARNING * * *
Robin burns you.
* * * LOW HITPOINT WARNING * * *
The worm bites you.
* * * LOW HITPOINT WARNING * * *
The hobgoblin no longer looks unusually strong.
Robin roars a battlecry!
Robin roars a battlecry!
Robin hits you from afar with a +3 trident of flaming!
You die...

#.##..)## ..## #.##...# #..#
####.#..#.#### #..#
#.......#....#####...
#####..)####....##.#. ##########
##....# ####.##... #.##...#.#
#..<.## ##.....P
##.##.#.#.#####..### #.......
)).g.w.w....g.^.@## #......P
##.##.#.#.###.g...######
#.......
#....#....w.g###......###......)
#.#...#..........####...........
#.#..............# ####..######
#.###[†..........### ##.......
..#####............#############
........#######..#............#
##...###...## ##...)#.........#


You could see a worm, Robin and 2 hobgoblins.

Vanquished Creatures
  A water moccasin skeleton (D:2)
  5 gnolls
  2 adders (D:2)
  An endoplasm (D:1)
  A giant cockroach (D:2)
  10 goblins
  3 hobgoblins
  A quokka (D:1)
  3 ball pythons
  2 bats (D:1)
  2 frilled lizards (D:1)
  5 kobolds
  5 rats
41 creatures vanquished.

Notes
Turn   | Place    | Note
-------+----------+-------------------------------------------
     0 | D:1      | Peloso the Minotaur Fighter began the quest for the Orb.
     0 | D:1      | Reached XP level 1. HP: 19/19 MP: 0/0
   196 | D:1      | Reached skill level 4 in Armour
   196 | D:1      | Reached XP level 2. HP: 27/27 MP: 1/1
  1200 | D:2      | Reached XP level 3. HP: 33/33 MP: 2/2
  1254 | D:2      | Reached XP level 4. HP: 34/40 MP: 3/3
  1553 | D:2      | Found Zuodeca's Antique Armour Emporium.
  1692 | D:2      | Reached XP level 5. HP: 46/46 MP: 4/4
  1714 | D:2      | Noticed Robin
  1718 | D:2      | Reached skill level 5 in Armour
  1749 | D:2      | Slain by Robin

Illustrated notes

Levels and vault maps discovered:
D:1:      dpeg_arrival_arbitrary_b, layout_loops_ring, serial_aquarium,
          aquarium_bridge_straight [aquarium_subvault_bridge,
          aquarium_subvault_wall, aquarium_subvault_bridge,
          aquarium_subvault_wall], aquarium_window_fake, aquarium_window_corner,
          aquarium_view_2d, aquarium_view_2b, kennysheep_decorative_pillar
D:2:      layout_rooms, serial_shops, nicolae_shop_overgrown_old_shop,
          uniq_robin, uniq_crazy_yiuf_cottage, uniq_sigmund

Skill      XL: |  1  2  3  4  5 |
---------------+----------------+-----
Armour         | 4 5 |  5.0
Shields        | 4 |  4.6
Fighting       | 4 |  4.3
Long Blades    | 3 |  3.8
Dodging        | |  0.4

Action                   |  1- 3 |  4- 6 || total
-------------------------+-------+-------++-------
Melee: Long sword        |    55 |    40 ||    95
       Headbutt          |     8 |     9 ||    17
  Use: Scroll            |     2 |       ||     2
       Potion            |     1 |       ||     1
Armor: Scale mail        |    29 |    19 ||    48
Dodge: Dodged            |    37 |    16 ||    53
Block: Buckler           |    17 |    16 ||    33
